 Dungeon Sprint DCSS version 0.29-a0-962-gc8bbfd0a37 (webtiles) character file.

Game seed: 12630120462146295908

464637 mhtbhm the Conqueror (level 21, -23/244 HPs)
             Began as a Gargoyle Fighter on July 30, 2022.
             Was an Initiate of Gozag.
             Killed from afar by Lom Lobon (44 damage)
             ... with a great icy blast
             ... in the Dungeon (Sprint IX: "|||||||||||||||||||||||||||||").
             The game lasted 00:32:32 (17610 turns).

mhtbhm the Conqueror (Gargoyle Fighter)            Turns: 17610, Time: 00:32:33

Health: -23/244    AC: 70    Str: 33 (34) XL:     21   Next: 9%
Magic:  24/24      EV: 15    Int: 12      God:    Gozag
Gold:   1279       SH: 36    Dex:  9      Spells: 24/24 levels left

rFire   + + .      SeeInvis +   L - +1 eudemon blade (holy)
rCold   + + +      Faith    .   c - +8 tower shield {AC+3}
rNeg    + + +      Spirit   .   b - +9 scales of the Dragon King {rPois rF+ rC+ Will+}
rPois   ∞          Reflect  +   x - +0 helmet of Noforoh {Contam rC- rN+++ SInv}
rElec   +          Harm     .   t - +2 cloak {Will+}
rCorr   +          Rampage  .   p - +2 pair of gloves {hurl}
Will    +++..      NoTele   +   I - +3 pair of mountain boots {steadfast, rC+}
Stlth   ..........              B - amulet of reflection
HPRegen 0.50/turn               M - +6 ring of strength
MPRegen 0.19/turn               G - ring of Tender Moments {rC++ rN+}

@: mighty, berserking, resistant, frozen, flying, hasted, very quick
A: sickness immunity, AC +16, big wings, negative energy resistance 1,
electricity resistance, torment resistance 1, petrification resistance,
deterioration 1
}: 9/17 runes: decaying, serpentine, barnacled, slimy, elven, silver, golden,
abyssal, gossamer
a: Renounce Religion, Potion Petition, Call Merchant, Bribe Branch


You were in the Dungeon.
You worshipped Gozag.
Gozag was most pleased with you.
You visited 1 branch You collected 52761 gold pieces.
You spent 12724 gold pieces at shops.
You paid 38758 gold pieces to Gozag.

Inventory:

Hand Weapons
 a - the +6 demon whip of Kindness {drain, rPois Str-3 Dex+3}
   (You bought it in a shop in the Dungeon)

   A truly terrible weapon, it drains the life of any living foe it strikes.
   Str:       It affects your strength (-3).
   Dex:       It affects your dexterity (+3).
   rPois:     It protects you from poison.
 H - the +7 lajatang of Order {silver, rMut}
   (You found it in the Dungeon)

   It inflicts extra damage upon those it strikes, and deals substantially
   increased damage to chaotic, mutated and magically transformed beings.
   rMut:      It protects you from mutation.
 L - a +1 eudemon blade of holy wrath (weapon)
Missiles
 m - 5 poisoned darts
 o - 4 throwing nets
 F - 6 silver javelins (quivered)
 J - 3 javelins
Armour
 b - the +9 scales of the Dragon King (worn) {rPois rF+ rC+ Will+}
   (You bought it in a shop in the Dungeon)

   rF:        It protects you from fire.
   rC:        It protects you from cold.
   rPois:     It protects you from poison.
   Will:      It increases your willpower.
 c - a +8 tower shield of protection (worn)
 p - a +2 pair of gloves of hurling (worn)
 t - a +2 cloak of willpower (worn)
 x - the +0 helmet of Noforoh (worn) {Contam rC- rN+++ SInv}
   (You found it in the Dungeon)

   rC:        It makes you vulnerable to cold.
   rN:        It renders you almost immune to negative energy.
   SInv:      It lets you see invisible.
   Contam:    It causes magical contamination when unequipped.
 I - the +3 pair of mountain boots (worn) {steadfast, rC+}
   (You found it in the Dungeon)

   It prevents involuntary movement, except for blinking, teleportation, or
   banishment.
   rC:        It protects you from cold.
 O - the +0 cloak of Agnosticism {+Blink rF+}
   (You bought it in a shop in the Dungeon)

   rF:        It protects you from fire.
   +Blink:    It lets you blink.
Jewellery
 n - a +6 ring of strength
 B - an amulet of reflection (around neck)
 D - a ring of protection from cold
 E - the ring of Fas Hisch {rCorr Slay+3 SInv}
   (You bought it in a shop in the Dungeon)

   [ring of see invisible]

   Slay:      It affects your accuracy & damage with ranged weapons and melee
   (+3).
   SInv:      It lets you see invisible.
   rCorr:     It protects you from acid and corrosion.
 G - the ring of Tender Moments (right hand) {rC++ rN+}
   (You bought it in a shop in the Dungeon)

   [ring of positive energy]

   rC:        It greatly protects you from cold.
   rN:        It protects you from negative energy.
 M - a +6 ring of strength (left hand)
 T - the ring "Loixt" {rF++ rC- MP+9 Dex+6 Slay+3}
   (You found it in the Dungeon)

   [ring of dexterity]

   Dex:       It affects your dexterity (+6).
   Slay:      It affects your accuracy & damage with ranged weapons and melee
   (+3).
   rF:        It greatly protects you from fire.
   rC:        It makes you vulnerable to cold.
   MP:        It affects your magic capacity (+9).
Wands
 C - a wand of mindburst (11)
Scrolls
 l - 3 scrolls of amnesia
 q - 2 scrolls of identify
 s - 6 scrolls of butterflies
 u - 6 scrolls of fear
 v - 4 scrolls of enchant armour
 z - a scroll of poison
 S - a scroll of immolation
Potions
 d - 3 potions of might
 e - 11 potions of curing
 f - a potion of invisibility
 g - 4 potions of haste
 h - 10 potions of magic
 i - 4 potions of mutation
 r - 3 potions of berserk rage
 w - 3 potions of brilliance
 A - a potion of attraction
Miscellaneous
 y - a condenser vane
 K - the horn of Geryon


   Skills:
 O Level 27 Fighting
 + Level 2.2(18.1) Short Blades
 + Level 26.9 Long Blades
 + Level 2.2(16.8) Axes
 O Level 27 Maces & Flails
 + Level 2.2(3.1) Polearms
 + Level 2.5(18.3) Staves
 + Level 2.4 Ranged Weapons
 * Level 26.4 Throwing
 O Level 27 Armour
 * Level 25.6 Dodging
 O Level 27 Stealth
 O Level 27 Shields
 + Level 2.5 Unarmed Combat
 + Level 2.3 Spellcasting
 + Level 2.8 Conjurations
 + Level 2.3 Hexes
 + Level 2.2 Summonings
 + Level 2.0 Necromancy
 + Level 2.2 Translocations
 + Level 2.0 Transmutations
 + Level 2.4 Fire Magic
 + Level 2.4 Ice Magic
 + Level 2.1 Air Magic
 + Level 3.1 Earth Magic
 + Level 2.5 Poison Magic
 + Level 2.8 Invocations
 - Level 9.4 Evocations


You had 24 spell levels left.
You didn't know any spells.
Your spell library contained the following spells:

 Spells                   Type           Power      Damage    Failure   Level
 Manifold Assault         Tloc           6%         N/A       100%        5
 Dispersal                Tloc           3%         N/A       100%        6
 Haunt                    Necr/Summ      3%         N/A       100%        7


Dungeon Overview and Level Annotations

Branches:
Dungeon (1/1)

Altars:
Cheibriados
Dithmenos
Elyvilon
Fedhas
Gozag
Hepliaklqana
Kikubaaqudgha
Makhleb
Nemelex Xobeh
Okawaru
Qazlal
Ru
Sif Muna
Trog
Uskayaw
Vehumet
Wu Jian
Xom
Yredelemnul
Zin
The Shining One
Jiyva
Lugonu

Shops:
D ?([(!*(*=((=?[[[=[(=!!*

Annotations:
D Antaeus, Ereshkigal, Gloorx Vloq, Lom Lobon, Mnoleg


Innate Abilities, Weirdness & Mutations

You are immune to sickness and miasma.
Your stone body is resilient. (AC +16)
You are immune to poison.
Your large and strong wings let you fly.
You resist negative energy. (rN+)
You are resistant to electric shocks. (rElec)
You are resistant to unholy torment.
You are immune to petrification.
Your body sometimes deteriorates upon taking damage.


Message History

The ice encasing you melts away.
The ball lightning explodes!
The blast of lightning engulfs you! You resist.
* * * LOW HITPOINT WARNING * * *
The blast of lightning engulfs Lom Lobon.
Lom Lobon completely resists.
The blast of lightning engulfs the ball lightning.
The ball lightning completely resists.
You slash Lom Lobon!
Lom Lobon convulses!
Lom Lobon is severely wounded.
You are engulfed in whirling frost.
Lom Lobon gestures at you.
Lom Lobon conjures a mighty blast of ice!
The great icy blast engulfs you but does no damage.
You are encased in ice.
Unknown command.
You miss Lom Lobon.
Lom Lobon is severely wounded.
The ball lightning explodes!
The blast of lightning engulfs Lom Lobon.
Lom Lobon completely resists.
The blast of lightning engulfs the ball lightning.
The ball lightning completely resists.
The blast of lightning engulfs you!! You resist.
* * * LOW HITPOINT WARNING * * *
You closely miss Lom Lobon.
Lom Lobon is severely wounded.
Unknown command.
Unknown command.
You miss Lom Lobon.
Lom Lobon is severely wounded.
The ball lightning explodes!
The blast of lightning engulfs Lom Lobon.
Lom Lobon completely resists.
The blast of lightning engulfs you! You resist.
* * * LOW HITPOINT WARNING * * *
Lom Lobon gestures at you.
Lom Lobon conjures a mighty blast of ice!
The great icy blast engulfs you!!! You partially resist.
You die...
Your body crumbles into a pile of gold.

▓.▓.▓.▓.▓[▓.▓'▓.▓.▓.▓[
▓.▓.▓)▓.▓∩▓.▓.▓.▓.▓.▓[
▓.▓.▓'▓.▓)▓.▓'▓.▓.▓.▓.
▓.▓.▓.▓.▓)▓.▓.▓.▓[▓.▓.
▓.▓.▓°▓.▓'▓.▓)▓.▓.▓.▓.
▓.▓.▓§▓.♣.♣.▓.▓.▓'▓.▓)
▓.▓.▓§▓.♣.♣.▓.▓.▓[▓.▓)
▓.▓.▓§▓.♣)♣.▓.▓.▓.▓.▓)
▓.▓§▓@▓.♣.♣.▓.▓.▓.▓.▓)
▓.▓1▓&▓.♣)♣.▓.▓.▓.▓.▓)
▓.▓&▓.▓.♣)♣.▓)▓.▓)▓.▓)
▓.▓*▓.▓.♣)♣.▓'▓.▓)▓.▓)
▓.▓.▓.▓.♣)♣.▓.▓.▓.▓.▓.
▓.▓.▓'▓.♣.♣.▓.▓.▓)▓.▓.
▓.▓.▓.▓.♣.♣.▓.▓.▓)▓.▓.
▓.▓&▓(▓.♣)♣.▓.▓.▓)▓.▓.
▓.▓.▓.▓.♣)♣.▓∩▓.▓)▓.▓.


You could see Lom Lobon (gusty).

Vanquished Creatures
  the Royal Jelly (D)
  Dispater (D)
  4 orbs of fire (D)
  4 ancient liches (D)
  Mara (D)
  Mennas (D)
  5 royal mummies (D)
  Boris (D)
  Frederick (D)
  Margery (D)
  A curse toe (D)
  Geryon (D)
  4 golden dragons (D)
  Jory (D)
  Nikola (D)
  A bone dragon (D)
  2 electric golems (D)
  4 tentacled monstrosities (D)
  26 Orb Guardians (D)
  2 deep elf master archers (D)
  6 liches (D)
  A quicksilver dragon (D)
  9 acid blobs (D)
  2 death cobs (D)
  2 deep elf blademasters (D)
  7 shadow dragons (D)
  Frances (D)
  13 sphinxes (D)
  Agnes (D)
  3 storm dragons (D)
  Kirke (D)
  Ilsuiw (D)
  3 fire giants (D)
  5 azure jellies (D)
  4 emperor scorpions (D)
  4 nagarajas (D)
  A draconian knight (D)
  2 draconian monks (D)
  4 frost giants (D)
  7 rockslimes (D)
  A draconian scorcher (D)
  2 deep elf sorcerers (D)
  4 vault wardens (D)
  An iron dragon (D)
  3 draconian annihilators (D)
  A draconian shifter (D)
  Aizul (D)
  2 ironbound preservers (D)
  2 very ugly things (D)
  6 ghost moths (D)
  A spriggan defender (D)
  A quicksilver ooze (D)
  6 stone giants (D)
  4 vampire knights (D)
  An ironbound thunderhulk (D)
  2 eleionomae (D)
  6 green draconians (D)
  Azrael (D)
  4 white draconians (D)
  A black draconian (D)
  3 deep elf annihilators (D)
  3 deep elf demonologists (D)
  3 purple draconians (D)
  2 bunyips (D)
  3 yellow draconians (D)
  5 merfolk javelineers (D)
  3 ettins (D)
  4 mummy priests (D)
  2 merfolk impalers (D)
  3 yaktaur captains (D)
  3 deep elf death magi (D)
  A rakshasa (D)
  2 deep elf high priests (D)
  2 fire dragons (D)
  4 ice dragons (D)
  3 great orbs of eyes (D)
  A merfolk avatar (D)
  Harold (D)
  25 vault guards (D)
  2 boulder beetles (D)
  11 hydras (D)
  3 ogre magi (D)
  An anaconda (D)
  2 centaur warriors (D)
  2 catoblepae (D)
  A two-headed ogre (D)
  A spriggan air mage (D)
  2 naga warriors (D)
  A dancing weapon (D)
  A deep troll shaman (D)
  4 merfolk aquamancers (D)
  6 death yaks (D)
  A deep troll earth mage (D)
  2 spriggan berserkers (D)
  A thrashing horror (D)
  A tengu warrior (D)
  12 spriggans (D)
  5 hell knights (D)
  2 shock serpents (D)
  Nergalle (D)
  A pharaoh ant (D)
  A sea snake (D)
  A goliath frog (D)
  A spriggan druid (D)
  2 glowing orange brains (D)
  3 deep trolls (D)
  A steelbarb worm (D)
  An orb spider (D)
  3 swamp dragons (D)
  A lindwurm (D)
  A wizard (D)
  3 orc knights (D)
  2 ironbound convokers (D)
  2 necromancers (D)
  A phantasmal warrior (D)
  A mana viper (shapeshifter) (D)
  3 wolf spiders (D)
  A harpy (D)
  A mana viper (D)
  An orc sorcerer (D)
  An ugly thing (D)
  3 cyclopes (D)
  2 manticores (D)
  2 slime creatures (D)
  A worldbinder (D)
  5 vault sentinels (D)
  2 merfolk sirens (D)
  15 moths of wrath (D)
  5 guardian serpents (D)
  Joseph (D)
  A black mamba (D)
  An apocalypse crab (D)
  2 naga magi (D)
  Maurice (D)
  2 smoke demons (D)
  4 cane toads (D)
  A rime drake (D)
  A demonic crawler (D)
  A komodo dragon (D)
  A tengu conjurer (D)
  An efreet (D)
  19 guardian mummies (D)
  8 trolls (D)
  3 merfolk (D)
  A wandering mushroom (D)
  A meliai (D)
  A polar bear (D)
  3 hornets (D)
  A snapping turtle (D)
  A culicivora (D)
  A water elemental (D)
  A yak (D)
  A wraith (D)
  2 vampires (D)
  A wyvern (D)
  3 hogs (D)
  A steam dragon (D)
  2 basilisks (D)
  A fire elemental (D)
  A golden eye (D)
  2 redbacks (D)
  4 nagas (D)
  2 acid dragons (D)
  6 water moccasins (D)
  A floating eye (D)
  12 orc warriors (D)
  2 swamp drakes (D)
  3 hell hounds (D)
  A wolf (D)
  2 small abominations (D)
  A scorpion (D)
  A killer bee (D)
  A quasit (D)
  An orc priest (D)
  A hound (D)
  6 orc wizards (D)
  2 ufetubi (D)
  6 orcs (D)
  A bat (D)
  2 endoplasms (D)
  A quokka (D)
  A ball python (D)
  2 ball lightnings (D)
522 creatures vanquished.

Vanquished Creatures (others)
  A moth of wrath (D)
  2 humans (D)
  23 ball lightnings (D)
26 creatures vanquished.

Grand Total: 548 creatures vanquished

Notes
Turn   | Place    | Note
-------+----------+-------------------------------------------
     0 | D        | mhtbhm the Gargoyle Fighter began the quest for the Orb.
     0 | D        | Reached XP level 1. HP: 14/14 MP: 1/1
    64 | D        | Noticed a water moccasin
    64 | D        | Noticed a hound
    64 | D        | Noticed a scorpion
    66 | D        | Reached XP level 2. HP: 16/20 MP: 2/2
    83 | D        | Killed a scorpion
    84 | D        | Reached skill level 5 in Fighting
    84 | D        | Reached skill level 5 in Armour
    84 | D        | Reached skill level 5 in Shields
    84 | D        | Reached XP level 3. HP: 26/26 MP: 3/3
    84 | D        | Reached XP level 4. HP: 31/31 MP: 4/4
   112 | D        | Killed a water moccasin
   113 | D        | Reached skill level 5 in Maces & Flails
   113 | D        | Reached skill level 1 in Dodging
   113 | D        | Reached XP level 5. HP: 17/37 MP: 5/5
   119 | D        | Found a snail-covered altar of Cheibriados.
   119 | D        | Found a shadowy altar of Dithmenos.
   119 | D        | Found a white marble altar of Elyvilon.
   119 | D        | Found a blossoming altar of Fedhas.
   119 | D        | Found an opulent altar of Gozag.
   120 | D        | Found a hazy altar of Hepliaklqana.
   121 | D        | Found a viscous altar of Jiyva.
   122 | D        | Found an ancient bone altar of Kikubaaqudgha.
   123 | D        | Found a corrupted altar of Lugonu.
   124 | D        | Found a burning altar of Makhleb.
   125 | D        | Found a sparkling altar of Nemelex Xobeh.
   126 | D        | Found an iron altar of Okawaru.
   127 | D        | Found a stormy altar of Qazlal.
   128 | D        | Found a sacrificial altar of Ru.
   129 | D        | Found a shimmering blue altar of Sif Muna.
   130 | D        | Found a bloodstained altar of Trog.
   135 | D        | Became a worshipper of Gozag Ym Sagoz the Greedy
   140 | D        | Found a hide-covered altar of Uskayaw.
   141 | D        | Found a radiant altar of Vehumet.
   142 | D        | Found an ornate altar of the Wu Jian Council.
   143 | D        | Found a shimmering altar of Xom.
   144 | D        | Found a basalt altar of Yredelemnul.
   145 | D        | Found a glowing silver altar of Zin.
   146 | D        | Found a glowing golden altar of the Shining One.
   306 | D        | Noticed a two-headed ogre
   306 | D        | Noticed a troll
   306 | D        | Noticed an orc warrior
   306 | D        | Noticed a steam dragon
   306 | D        | Noticed an orc warrior
   312 | D        | Killed an orc warrior
   313 | D        | Reached XP level 6. HP: 44/44 MP: 6/6
   316 | D        | Killed a steam dragon
   317 | D        | Reached XP level 7. HP: 48/48 MP: 7/7
   326 | D        | Killed a troll
   327 | D        | Reached skill level 10 in Armour
   329 | D        | Killed a two-headed ogre
   330 | D        | Reached skill level 10 in Shields
   330 | D        | Reached XP level 8. HP: 8/57 MP: 8/8
   609 | D        | Reached skill level 10 in Fighting
   630 | D        | Noticed a centaur warrior
   630 | D        | Noticed a cyclops
   630 | D        | Noticed a vampire
   633 | D        | Reached skill level 10 in Maces & Flails
   634 | D        | Killed a vampire
   635 | D        | Reached XP level 9. HP: 63/63 MP: 9/9
   637 | D        | Killed a cyclops
   640 | D        | Killed a centaur warrior
   641 | D        | Reached skill level 1 in Evocations
   773 | D        | Noticed a cane toad
   773 | D        | Noticed a rime drake
   773 | D        | Noticed a cane toad
   773 | D        | Noticed a six-headed hydra
   774 | D        | Noticed a cane toad
   777 | D        | Killed a rime drake
   778 | D        | Killed a cane toad
   778 | D        | Killed a cane toad
   779 | D        | Reached XP level 10. HP: 25/71 MP: 10/10
   779 | D        | Killed a six-headed hydra
   780 | D        | Reached skill level 5 in Dodging
  1005 | D        | Killed a cane toad
  1039 | D        | Reached skill level 1 in Stealth
  1042 | D        | Noticed a death yak
  1050 | D        | Noticed a cane toad
  1071 | D        | Killed a death yak
  1074 | D        | Reached XP level 11. HP: 38/78 MP: 11/11
  1210 | D        | Noticed a catoblepas
  1210 | D        | Noticed a death yak
  1210 | D        | Noticed a death yak
  1210 | D        | Noticed a death yak
  1210 | D        | Noticed a death yak
  1210 | D        | Noticed a death yak
  1219 | D        | Killed a death yak
  1225 | D        | Killed a death yak
  1226 | D        | Reached skill level 15 in Maces & Flails
  1226 | D        | Noticed a catoblepas
  1231 | D        | Killed a death yak
  1232 | D        | Reached skill level 15 in Armour
  1494 | D        | Killed a death yak
  1512 | D        | Killed a catoblepas
  1513 | D        | Reached skill level 15 in Fighting
  1814 | D        | Killed a death yak
  1823 | D        | Killed a catoblepas
  1827 | D        | Reached skill level 5 in Stealth
  2218 | D        | Noticed an orc knight
  2227 | D        | Killed an orc knight
  2228 | D        | Noticed an orc knight
  2239 | D        | Noticed an orc sorcerer
  2247 | D        | Noticed a sixfirhy
  2496 | D        | Killed an orc knight
  2775 | D        | Killed an orc sorcerer
  2776 | D        | Reached XP level 12. HP: 88/90 MP: 12/12
  2880 | D        | Found Goodam's Assorted Antiques.
  2880 | D        | Noticed an ogre mage
  2882 | D        | Noticed an ogre mage
  2885 | D        | Killed an ogre mage
  2886 | D        | Found Elehicul's Distillery.
  2913 | D        | Found Uzxei's Distillery.
  2922 | D        | Killed an ogre mage
  2923 | D        | Found Qemimeb's Jewellery Shop.
  3333 | D        | Noticed an ogre mage
  3340 | D        | Paralysed by something for 3 turns
  3348 | D        | Killed an ogre mage
  3582 | D        | Bought 2 sedimented purple potions for 41 gold pieces
  3582 | D        | Bought a scroll labelled VUAJOT YLICOC for 23 gold pieces
  3582 | D        | Bought a scroll labelled AMU HIGEWKUINU for 23 gold pieces
  3584 | D        | Bought 2 potions of heal wounds for 140 gold pieces
  3584 | D        | Bought a potion of haste for 140 gold pieces
  3584 | D        | Bought a potion of haste for 140 gold pieces
  3586 | D        | Bought a potion of might for 56 gold pieces
  3586 | D        | Bought a potion of berserk rage for 70 gold pieces
  3586 | D        | Bought a potion of attraction for 42 gold pieces
  3588 | D        | Bought an amulet of reflection for 420 gold pieces
  3608 | D        | Noticed Maurice
  3614 | D        | Killed Maurice
  3647 | D        | Noticed Harold
  3664 | D        | Killed Harold
  3712 | D        | Noticed Joseph
  3726 | D        | Killed Joseph
  3870 | D        | Found the +7 lajatang of Order {silver, rMut}
  3876 | D        | Found the +3 pair of mountain boots {steadfast, rC+}
  3967 | D        | Bought a ring of see invisible for 225 gold pieces
  3967 | D        | Bought a +6 ring of strength for 540 gold pieces
  3978 | D        | Bought the +9 great mace of the Purple Skies {freeze, rF+
                  | Str+2} for 1048 gold pieces
  3988 | D        | Noticed a stone giant
  3989 | D        | Noticed a purple very ugly thing
  3995 | D        | Noticed a frost giant
  4251 | D        | Killed a stone giant
  4261 | D        | Killed a purple very ugly thing
  4262 | D        | Noticed a stone giant
  4268 | D        | Killed a frost giant
  4269 | D        | Reached XP level 13. HP: 57/100 MP: 13/13
  4285 | D        | Killed a stone giant
  4305 | D        | Noticed an ice dragon
  4568 | D        | Noticed a fire dragon
  4575 | D        | Killed an ice dragon
  4580 | D        | Killed a fire dragon
  4643 | D        | Noticed Aizul
  4661 | D        | Killed Aizul
  5080 | D        | Reached skill level 10 in Stealth
  5292 | D        | Reached skill level 1 in Throwing
  5338 | D        | Noticed an eleionoma
  5338 | D        | Noticed a bunyip
  5338 | D        | Noticed a bunyip
  5345 | D        | Killed a bunyip
  5348 | D        | Noticed an eleionoma
  5349 | D        | Gained mutation: Your large and strong wings let you fly.
                  | [Gargoyle growth]
  5349 | D        | Reached XP level 14. HP: 112/112 MP: 14/14
  5358 | D        | Killed an eleionoma
  5365 | D        | Killed an eleionoma
  5626 | D        | Noticed Azrael
  5643 | D        | Killed Azrael
  5810 | D        | Noticed a frost giant
  5810 | D        | Noticed a frost giant
  5810 | D        | Noticed a stone giant
  5810 | D        | Noticed a frost giant
  5812 | D        | Noticed a stone giant
  5818 | D        | Killed a frost giant
  5822 | D        | Killed a stone giant
  5827 | D        | Killed a frost giant
  5833 | D        | Killed a frost giant
  5836 | D        | Killed a stone giant
  5846 | D        | Noticed a tentacled monstrosity
  5850 | D        | Noticed an iron dragon
  5864 | D        | Killed a tentacled monstrosity
  5865 | D        | Noticed a spriggan defender
  5869 | D        | Killed an iron dragon
  5870 | D        | Noticed a fire giant
  5879 | D        | Noticed a fire giant
  5899 | D        | Killed a spriggan defender
  5910 | D        | Killed a fire giant
  5912 | D        | Killed a fire giant
  5959 | D        | Noticed a sphinx
  5966 | D        | Killed a sphinx
  6228 | D        | Noticed an ironbound preserver
  6232 | D        | Killed an ironbound preserver
  6241 | D        | Noticed an ironbound thunderhulk
  6259 | D        | Noticed a vault warden
  6261 | D        | Reached XP level 15. HP: 73/124 MP: 15/15
  6261 | D        | Noticed a vault warden
  6273 | D        | Paralysed by a great orb of eyes for 5 turns
  6594 | D        | Bought a masterwork plate armour for 840 gold pieces
  6594 | D        | Identified the +7 plate armour of Protective Custody {-Tele
                  | Regen+ Dex+4} (You bought it in a shop in the Dungeon)
  6605 | D        | Bought the +9 scales of the Dragon King {rPois rF+ rC+
                  | Will+} for 3744 gold pieces
  6605 | D        | Found the +9 scales of the Dragon King {rPois rF+ rC+
                  | Will+}
  6610 | D        | Bought a pair of runed gloves for 225 gold pieces
  6650 | D        | Killed a vault warden
  6653 | D        | Killed a vault warden
  6751 | D        | Noticed a vault warden
  6759 | D        | Killed a vault warden
  6782 | D        | Noticed an Orb Guardian
  6782 | D        | Noticed a sphinx
  6782 | D        | Noticed a fire giant
  6788 | D        | Killed an Orb Guardian
  6794 | D        | Killed a fire giant
  6806 | D        | Killed a sphinx
  6990 | D        | Reached skill level 27 in Fighting
  7124 | D        | Got the +0 helmet of Noforoh {Contam rC- rN+++ SInv}
  7207 | D        | Noticed Frederick
  7221 | D        | Killed Frederick
  7340 | D        | Got a decaying rune of Zot
  7388 | D        | Noticed Ilsuiw
  7410 | D        | Killed Ilsuiw
  7418 | D        | Reached skill level 27 in Maces & Flails
  7460 | D        | Got a barnacled rune of Zot
  7759 | D        | Noticed a nagaraja
  7759 | D        | Noticed a nagaraja
  7759 | D        | Noticed a nagaraja
  7763 | D        | Killed a nagaraja
  7764 | D        | Reached XP level 16. HP: 129/133 MP: 16/16
  7765 | D        | Killed a nagaraja
  7772 | D        | Reached skill level 15 in Shields
  7785 | D        | Killed a nagaraja
  7785 | D        | Noticed a nagaraja
  7806 | D        | Killed a nagaraja
  7814 | D        | Reached skill level 15 in Stealth
  8102 | D        | Got a serpentine rune of Zot
  8187 | D        | Got a gossamer rune of Zot
  8472 | D        | Noticed Nikola
  8483 | D        | Killed Nikola
  8638 | D        | Noticed Mennas
  8684 | D        | Killed Mennas
  9022 | D        | Reached skill level 27 in Armour
  9138 | D        | Bought an ichor-stained cloak for 256 gold pieces
  9138 | D        | Identified the +0 cloak of Agnosticism {+Blink rF+} (You
                  | bought it in a shop in the Dungeon)
  9148 | D        | Bought a smouldering plate armour for 812 gold pieces
  9148 | D        | Identified the +1 plate armour of Mit Fiofi {Slay+2} (You
                  | bought it in a shop in the Dungeon)
  9155 | D        | Bought 2 scrolls of identify for 76 gold pieces
  9155 | D        | Bought a scroll of magic mapping for 142 gold pieces
  9155 | D        | Bought a scroll of enchant armour for 142 gold pieces
  9155 | D        | Bought a scroll of enchant armour for 142 gold pieces
  9174 | D        | Noticed a shadow dragon
  9178 | D        | Noticed a shadow dragon
  9179 | D        | Noticed a shadow dragon
  9184 | D        | Reached XP level 17. HP: 139/139 MP: 17/17
  9185 | D        | Identified the ring of Loowuin {*Slow Fly rC+ Int+10}
  9305 | D        | Noticed an ancient lich
  9306 | D        | Noticed a tentacled monstrosity
  9319 | D        | Killed an ancient lich
  9322 | D        | Killed a tentacled monstrosity
  9369 | D        | Got a silver rune of Zot
  9370 | D        | Identified the ring of Birdsong {rN+ Will+ Int+6 Stlth-}
  9378 | D        | Got the Compilation of Friendly Direction
  9416 | D        | Noticed Agnes
  9417 | D        | Noticed Mara
  9421 | D        | Killed Agnes
  9429 | D        | Killed Mara
  9445 | D        | Noticed Frances
  9460 | D        | Killed Frances
  9469 | D        | Noticed Nergalle
  9475 | D        | Killed Nergalle
  9486 | D        | Noticed Jory
  9500 | D        | Killed Jory
  9501 | D        | Noticed Boris
  9513 | D        | Killed Boris
  9617 | D        | Got the ring of Zin's Favour {rPois rF- rN++ Will- Int+3}
  9619 | D        | Got the ring "Faemuk" {*Corrode rElec rPois Will+ Slay-6}
  9621 | D        | Got the ring "Loixt" {rF++ rC- MP+9 Dex+6 Slay+3}
  9623 | D        | Got the ring of Podathungu {+Blink rF- rC+ rCorr}
  9718 | D        | Noticed Margery
  9734 | D        | Killed Margery
  9735 | D        | Reached skill level 27 in Stealth
  9943 | D        | Noticed Kirke
  9946 | D        | Reached skill level 5 in Evocations
  9953 | D        | Killed Kirke
  9954 | D        | Reached skill level 1 in Long Blades
  9989 | D        | Noticed a lich
 10010 | D        | Killed a lich
 10056 | D        | Noticed a bone dragon
 10063 | D        | Killed a bone dragon
 10064 | D        | Reached skill level 5 in Throwing
 10069 | D        | Reached skill level 5 in Long Blades
 10088 | D        | Reached XP level 18. HP: 65/145 MP: 18/18
 10425 | D        | Noticed a golden dragon
 10458 | D        | Reached skill level 10 in Dodging
 10486 | D        | Killed a golden dragon
 10879 | D        | Noticed a quicksilver dragon
 10903 | D        | Reached skill level 27 in Shields
 10910 | D        | Killed a quicksilver dragon
 11032 | D        | Noticed a tentacled monstrosity
 11032 | D        | Noticed a golden dragon
 11033 | D        | Noticed an orb of fire
 11041 | D        | Gained mutation: Your body sometimes deteriorates upon
                  | taking damage. [an orb of fire]
 11048 | D        | Killed an orb of fire
 11049 | D        | Reached skill level 10 in Long Blades
 11049 | D        | Reached skill level 10 in Throwing
 11049 | D        | Reached skill level 1 in Earth Magic
 11053 | D        | Killed a golden dragon
 11054 | D        | Reached skill level 1 in Unarmed Combat
 11054 | D        | Reached skill level 1 in Conjurations
 11054 | D        | Reached skill level 1 in Invocations
 11057 | D        | Killed a tentacled monstrosity
 11058 | D        | Reached skill level 1 in Short Blades
 11058 | D        | Reached skill level 1 in Axes
 11058 | D        | Reached skill level 1 in Staves
 11058 | D        | Reached skill level 1 in Ranged Weapons
 11058 | D        | Reached skill level 1 in Spellcasting
 11058 | D        | Reached skill level 1 in Summonings
 11058 | D        | Reached skill level 1 in Translocations
 11058 | D        | Reached skill level 1 in Fire Magic
 11058 | D        | Reached skill level 1 in Ice Magic
 11058 | D        | Reached skill level 1 in Poison Magic
 11072 | D        | Reached skill level 1 in Hexes
 11072 | D        | Reached skill level 1 in Air Magic
 11074 | D        | Reached skill level 1 in Polearms
 11210 | D        | Reached skill level 1 in Necromancy
 11224 | D        | Reached skill level 1 in Transmutations
 11342 | D        | Noticed an Orb Guardian
 11342 | D        | Noticed an Orb Guardian
 11342 | D        | Noticed an Orb Guardian
 11342 | D        | Noticed an Orb Guardian
 11342 | D        | Noticed an Orb Guardian
 11342 | D        | Noticed an Orb Guardian
 11343 | D        | Noticed an Orb Guardian
 11348 | D        | Killed an Orb Guardian
 11355 | D        | Killed an Orb Guardian
 11357 | D        | Noticed an Orb Guardian
 11364 | D        | Killed an Orb Guardian
 11366 | D        | Killed an Orb Guardian
 11368 | D        | Killed an Orb Guardian
 11370 | D        | Noticed an Orb Guardian
 11372 | D        | Killed an Orb Guardian
 11372 | D        | Noticed an Orb Guardian
 11376 | D        | Killed an Orb Guardian
 11378 | D        | Killed an Orb Guardian
 11388 | D        | Killed an Orb Guardian
 11393 | D        | Killed an Orb Guardian
 11696 | D        | Bought a runed morningstar for 168 gold pieces
 11703 | D        | Bought the ring of Fas Hisch {rCorr Slay+3 SInv} for 522
                  | gold pieces
 11703 | D        | Bought the ring of Tender Moments {rC++ rN+} for 578 gold
                  | pieces
 11711 | D        | Noticed a golden dragon
 11711 | D        | Noticed an Orb Guardian
 11711 | D        | Noticed an Orb Guardian
 11712 | D        | Noticed an Orb Guardian
 11713 | D        | Noticed an Orb Guardian
 11722 | D        | Killed an Orb Guardian
 11729 | D        | Killed an Orb Guardian
 11732 | D        | Killed a golden dragon
 11733 | D        | Reached skill level 15 in Dodging
 11736 | D        | Killed an Orb Guardian
 11744 | D        | Killed an Orb Guardian
 11745 | D        | Reached XP level 19. HP: 138/151 MP: 22/22
 11791 | D        | Noticed an ancient lich
 11801 | D        | Killed an ancient lich
 11802 | D        | Reached skill level 15 in Long Blades
 11802 | D        | Reached skill level 15 in Throwing
 11939 | D        | Noticed an orb of fire
 11947 | D        | Killed an orb of fire
 11977 | D        | Noticed an electric golem
 11980 | D        | Killed an electric golem
 12012 | D        | Noticed an orb of fire
 12012 | D        | Noticed a golden dragon
 12015 | D        | Noticed an orb of fire
 12020 | D        | Killed an orb of fire
 12020 | D        | Killed a golden dragon
 12030 | D        | Killed an orb of fire
 12032 | D        | Noticed a curse toe
 12040 | D        | Noticed an electric golem
 12041 | D        | Noticed a tentacled monstrosity
 12043 | D        | Killed a curse toe
 12050 | D        | Killed a tentacled monstrosity
 12066 | D        | Killed an electric golem
 12470 | D        | Noticed an ancient lich
 12470 | D        | Noticed an ancient lich
 12484 | D        | Killed an ancient lich
 12509 | D        | Killed an ancient lich
 13305 | D        | Reached XP level 20. HP: 133/157 MP: 23/23
 13310 | D        | Noticed a Brimstone Fiend
 13379 | D        | Got an elven rune of Zot
 13749 | D        | Bought a condenser vane for 600 gold pieces
 13751 | D        | Bought a potion of berserk rage for 90 gold pieces
 13751 | D        | Bought a potion of haste for 180 gold pieces
 13751 | D        | Bought a potion of heal wounds for 90 gold pieces
 13751 | D        | Bought a potion of berserk rage for 90 gold pieces
 13751 | D        | Bought a potion of curing for 54 gold pieces
 13768 | D        | Bought a scroll labelled XEMAOM DOMI for 29 gold pieces
 13768 | D        | Bought a twisted ivory wand for 116 gold pieces
 13982 | D        | Noticed the Royal Jelly
 13993 | D        | Killed the Royal Jelly
 14043 | D        | Got a slimy rune of Zot
 14755 | D        | Bought a slimy demon whip for 920 gold pieces
 14755 | D        | Identified the +6 demon whip of Kindness {drain, rPois
                  | Str-3 Dex+3} (You bought it in a shop in the Dungeon)
 14991 | D        | Noticed a royal mummy
 15026 | D        | Killed a royal mummy
 15350 | D        | Noticed a royal mummy
 15350 | D        | Noticed a royal mummy
 15355 | D        | Noticed a royal mummy
 15360 | D        | Noticed a royal mummy
 15366 | D        | Killed a royal mummy
 15814 | D        | Killed a royal mummy
 16018 | D        | Killed a royal mummy
 16065 | D        | Killed a royal mummy
 16313 | D        | Got a golden rune of Zot
 16333 | D        | Reached XP level 21. HP: 163/163 MP: 24/24
 16367 | D        | Got an abyssal rune of Zot
 16510 | D        | Noticed Geryon
 16532 | D        | Killed Geryon
 16546 | D        | Noticed Antaeus
 16546 | D        | Noticed Lom Lobon
 16568 | D        | Found the +4 staff of Dispater
 16568 | D        | Noticed Dispater
 16589 | D        | Noticed Ereshkigal
 16594 | D        | Noticed Mnoleg
 16595 | D        | Noticed Gloorx Vloq
 17463 | D        | Killed Dispater
 17610 | D        | Killed from afar by Lom Lobon

Illustrated notes

Levels and vault maps discovered:
D:        linesprint [early_d, line_temple, items_1, d_10, items_2, lair_1,
          lair_end, items_3, orc_1, orc_end, items_4, d_15, swamp_1, shoals_1,
          snake_1, spider_1, d_20, vaults_1, items_5, swamp_end, shoals_end,
          snake_end, spider_end, vaults_end, d_27, items_6, zot_1, zot_end,
          crypt_end, forest_end, elf_end, slime_end, tomb_end, abyss_end,
          pan_hell_end]

Skill      XL: |  1  2  3  4  5  6  7  8  9 10 11 12 13 14 15 16 17 18 19 20 21 |
---------------+----------------------------------------------------------------+-----
Armour         | 4 5 7 8 9 11 13 14 15 17 18 19 22 27 | 27.0
Fighting       | 4 5 6 7 9 10 12 13 16 19 22 25 27 | 27.0
Shields        | 4 5 7 8 10 11 12 14 20 26 27 | 27.0
Maces & Flails | 3 5 6 7 9 10 12 14 16 18 21 23 27 | 27.0
Dodging        | 1 2 3 4 5 6 7 9 15 20 25 | 25.6
Evocations     | 2 3 4 7 9 |  9.4
Stealth        | 2 6 9 10 13 14 19 27 | 27.0
Throwing       | 1 6 14 20 25 26 | 26.4
Long Blades    | 5 14 21 26 | 26.9
Earth Magic    | 2 3 |  3.1
Unarmed Combat | 2 |  2.5
Conjurations   | 2 |  2.8
Invocations    | 2 |  2.8
Short Blades   | 2 |  2.2
Axes           | 2 |  2.2
Staves         | 2 |  2.5
Ranged Weapons | 2 |  2.4
Spellcasting   | 2 |  2.3
Summonings     | 2 |  2.2
Translocations | 2 |  2.2
Fire Magic     | 2 |  2.4
Ice Magic      | 2 |  2.4
Poison Magic   | 2 |  2.5
Hexes          | 2 |  2.3
Air Magic      | 1 2 |  2.1
Polearms       | 2 |  2.2
Necromancy     | 1 2 |  2.0
Transmutations | 1 2 |  2.0

Action                   |  1- 3 |  4- 6 |  7- 9 | 10-12 | 13-15 | 16-18 | 19-21 || total
-------------------------+-------+-------+-------+-------+-------+-------+-------++-------
Melee: Flail             |    30 |    29 |       |       |       |       |       ||    59
       Dire flail        |       |     7 |    34 |   328 |       |       |       ||   369
       Great mace        |       |       |       |    39 |   448 |   689 |   326 ||  1502
       Demon whip        |       |       |       |       |       |       |   169 ||   169
       Eudemon blade     |       |       |       |       |       |       |   124 ||   124
Throw: Dart              |       |       |       |       |     2 |       |     1 ||     3
       Javelin           |       |       |       |       |       |       |    17 ||    17
Invok: Call Merchant     |       |       |       |     3 |     1 |     7 |     8 ||    19
       Potion Petition   |       |       |       |       |       |     1 |     2 ||     3
Evoke: Wand              |       |       |     8 |     2 |       |       |       ||    10
       Horn of Geryon    |       |       |       |       |       |       |     1 ||     1
       Condenser vane    |       |       |       |       |       |       |     1 ||     1
  Use: Potion            |     1 |     1 |       |     1 |     6 |     4 |    15 ||    28
       Scroll            |       |       |       |     3 |     2 |     4 |    12 ||    21
 Stab: Distracted        |       |       |       |     4 |     8 |    23 |    12 ||    47
       Petrified         |       |       |       |     6 |       |       |       ||     6
       Sleeping          |       |       |       |       |       |     1 |     4 ||     5
Armor: Scale mail        |    17 |    22 |       |       |       |       |       ||    39
       Chain mail        |       |     7 |    39 |    92 |       |       |       ||   138
       Plate armour      |       |       |       |    16 |   130 |       |       ||   146
       Gold dragon scale |       |       |       |       |   114 |   411 |   199 ||   724
Dodge: Dodged            |    14 |    16 |    17 |    90 |   120 |   172 |    92 ||   521
Block: Buckler           |    11 |     6 |       |       |       |       |       ||    17
       Other             |       |       |       |     9 |    44 |    83 |    36 ||   172
       Reflection        |       |       |       |     1 |     3 |     2 |    10 ||    16
       Tower shield      |       |       |       |       |       |       |   159 ||   159

Table legend: (Time is in decaauts) A = Elapsed time spent in this place. B = Non-inter-level travel time spent in this place. C = Inter-level travel time spent in this place. D = Time resting spent in this place. E = Time spent auto-exploring this place. F = Levels seen in this place. G = Mean time per level. A B C D E F G +--------+--------+--------+--------+--------+-----+--------+ Total | 16820 | 16718 | 102 | 7137 | 4212 | 1 | 16820.0 | Dungeon | 16820 | 16718 | 102 | 7137 | 4212 | 1 | 16820.0 | +--------+--------+--------+--------+--------+-----+--------+

Top non-repeatable levels by time:
       D: 16820 daAuts
